 Dungeon Crawl Stone Soup version 0.26-a0-1161-g0398aca569 (webtiles) character file.

Game seed: 387365501852210617

1085 Hopman the Skirmisher (level 8, 0/58 (64) HPs)
             Began as a Human Fighter on Dec 27, 2020.
             Was an Initiate of Okawaru.
             Slain by a wight
             ... wielding a +0 halberd
              (7 damage)
             ... on level 5 of the Dungeon.
             The game lasted 00:17:36 (5325 turns).

Hopman the Skirmisher (Human Fighter)               Turns: 5325, Time: 00:17:37

HP:   0/58 (64)     AC:  7    Str: 19    XL:     8   Next: 55%
MP:   17/17         EV:  7    Int:  8    God:    Okawaru [......]
Gold: 211           SH: 16    Dex: 13    Spells: 7/7 levels left

rFire    . . .     SeeInvis .   b - +2 mace (vorpal)
rCold    . . .     Faith    .   c - +1 kite shield
rNeg     + . .     Spirit   .   g - +0 scale mail
rPois    .         Reflect  +   (no helmet)
rElec    .         Harm     .   (no cloak)
rCorr    .         Rampage  .   (no gloves)
Will     .....                  (no boots)
Stlth    ..........             j - amulet of reflection
HPRegen  0.19/turn              q - ring of positive energy
MPRegen  0.15/turn              d - ring of magical power

@: flying, drained
A: no striking features
a: Renounce Religion


You were on level 5 of the Dungeon.
You worshipped Okawaru.
Okawaru was noncommittal.
You visited 2 branches of the dungeon, and saw 6 of its levels.

You collected 211 gold pieces.

Inventory:

Hand Weapons
 b - a +2 vorpal mace (weapon)
Armour
 c - a +1 kite shield (worn)
 g - a +0 scale mail (worn)
Jewellery
 d - a ring of magical power (right hand)
 j - an amulet of reflection (around neck)
 q - a ring of positive energy (left hand)
Wands
 m - a wand of digging (11)
Scrolls
 e - 2 scrolls of enchant armour
 h - a scroll of fear
 k - a scroll of remove curse
Potions
 a - a potion of heal wounds {unknown}
 i - a potion of brilliance {unknown}


   Skills:
 + Level 5.6 Fighting
 - Level 2.1 Long Blades
 + Level 4.3 Maces & Flails
 + Level 5.6 Armour
 + Level 5.5 Shields


You had 7 spell levels left.
You didn't know any spells.
Your spell library was empty.

Dungeon Overview and Level Annotations

Branches:
Dungeon (5/15)             Temple (1/1) D:5

Altars:
Ashenzari
Cheibriados
Dithmenos
Elyvilon
Fedhas
Gozag
Hepliaklqana
Kikubaaqudgha
Makhleb
Nemelex Xobeh
Okawaru
Qazlal
Ru
Sif Muna
Trog
Uskayaw
Vehumet
Wu Jian
Xom
Yredelemnul
Zin

Annotations:
D:5 Pikel


Message History

* * * LOW HITPOINT WARNING * * *
You partially resist.
You feel drained.
* * * LOW HITPOINT WARNING * * *
You block the lemure's attack.
Your shield prevents you from hitting the iguana.
You block the iguana's attack. You block the lemure's attack.
The wight hits you from afar with a +0 halberd.
* * * LOW HITPOINT WARNING * * *
You hit the iguana but do no damage. You block the iguana's attack.
The lemure closely misses you. You block the iguana's attack.
The wight barely misses you.
You feel very buoyant.
You fly up into the air.
The lemure hits you.
* * * LOW HITPOINT WARNING * * *
You block the iguana's attack.
You barely miss the iguana. The lemure hits you but does no damage.
You block the wight's attack. The iguana closely misses you.
You block the lemure's attack.
The wight hits you from afar with a +0 halberd!
You die...

..>############# #.# #...
##..<)zl.zz....####### #.# #.##
##############....[..####.####.##
# #######...........## #
####........## ## ##.#.####..# .#
####..#.# ##.. .o.>..#
##########.......######. #####55
#...Kz5@l..#...#......>.
5....#######...#.#..####### #..
.......>...#### .
####..#.#..[..## #.#...#.....## #
##............#
....#..#..........#
#..^............##
######...........#


You could see Pikel, a lemure, an iguana and a wight.

Vanquished Creatures
  A phantom (D:5)
  2 sky beasts
  An ogre (D:5)
  3 lemures
  3 scorpions
  A wight (D:5)
  An orc priest (D:5)
  2 hounds
  An iguana (D:4)
  2 orc wizards
  4 worker ants
  6 gnolls (D:4)
  6 adders
  2 white imps
  An ooze (D:2)
  2 adder zombies (D:2)
  3 adder skeletons (D:2)
  2 worms
  4 dart slugs (D:1)
  3 leopard geckos
  14 orcs
  3 bat skeletons (D:2)
  6 giant cockroaches
  7 goblins
  11 hobgoblins
  7 jackals (D:3)
  3 quokkas
  4 ball pythons
  7 bats
  12 frilled lizards
  6 kobolds
  A leopard gecko skeleton (D:2)
  A leopard gecko zombie (D:2)
  A quokka skeleton (D:2)
  9 rats
142 creatures vanquished.

Vanquished Creatures (others)
  An orc (D:4)
  4 withered plants (D:2)
5 creatures vanquished.

Grand Total: 147 creatures vanquished

Notes
Turn   | Place    | Note
-------+----------+-------------------------------------------
     0 | D:1      | Hopman the Human Fighter began the quest for the Orb.
     0 | D:1      | Reached XP level 1. HP: 18/18 MP: 1/1
   154 | D:1      | Reached XP level 2. HP: 21/24 MP: 2/2
   368 | D:1      | Reached XP level 3. HP: 27/29 MP: 3/3
   819 | D:1      | Reached skill level 1 in Maces & Flails
   947 | D:2      | Reached XP level 4. HP: 32/35 MP: 4/4
  1456 | D:2      | Reached XP level 5. HP: 42/42 MP: 5/5
  2045 | D:3      | Noticed a sky beast
  2063 | D:3      | Killed a sky beast
  2064 | D:3      | Reached XP level 6. HP: 26/48 MP: 6/6
  2911 | D:4      | Reached XP level 7. HP: 40/55 MP: 7/7
  3956 | D:5      | Entered Level 5 of the Dungeon
  3998 | D:5      | Reached skill level 5 in Fighting
  3998 | D:5      | Reached skill level 5 in Armour
  3998 | D:5      | Reached skill level 5 in Shields
  4054 | D:5      | Reached XP level 8. HP: 25/62 MP: 8/8
  4782 | D:5      | Found a staircase to the Ecumenical Temple.
  5031 | Temple   | Entered the Ecumenical Temple
  5219 | Temple   | Became a worshipper of Warmaster Okawaru
  5296 | D:5      | Noticed Pikel
  5325 | D:5      | Slain by a wight

Illustrated notes

Levels and vault maps discovered:
D:1:      scummos_arrival_gate, layout_rooms, serial_rivers,
          chequers_serial_rivers_room_a, chequers_serial_rivers_room_b,
          chequers_serial_rivers_micro_d, chequers_serial_rivers_micro_e
D:2:      minmay_skewed_foursquare, layout_rooms, serial_undead,
          serial_undead_e, serial_undead_a, serial_undead_d, serial_undead_a,
          serial_undead_a, serial_undead_b
D:3:      layout_loops_cross
D:4:      layout_loops_cross, st_stairs_6, minmay_pentomino_pile
D:5:      layout_rooms, minmay_temple_entry_crystal_x, uniq_pikel
Temple:   grunt_wide_crystal_templ

Skill      XL: |  1  2  3  4  5  6  7  8 |
---------------+-------------------------+-----
Maces & Flails | 1 2 3 4 |  4.3
Fighting       | 4 5 |  5.6
Armour         | 4 5 |  5.6
Shields        | 4 5 |  5.5
Long Blades    | |  2.1

Action                   |  1- 3 |  4- 6 |  7- 9 || total
-------------------------+-------+-------+-------++-------
Melee: Long sword        |    26 |       |       ||    26
       Mace              |    67 |   231 |   165 ||   463
  Use: Scroll            |       |     5 |     7 ||    12
       Potion            |       |     4 |     2 ||     6
Armor: Scale mail        |    40 |    89 |    55 ||   184
Dodge: Dodged            |    37 |    50 |    24 ||   111
Block: Kite shield       |    71 |   181 |   121 ||   373
       Reflection        |       |     5 |     5 ||    10
       Rpst.: Long sword |     2 |       |       ||     2

Table legend: (Time is in decaauts)
 A = Elapsed time spent in this place.
 B = Non-inter-level travel time spent in this place.
 C = Inter-level travel time spent in this place.
 D = Time resting spent in this place.
 E = Time spent auto-exploring this place.
 F = Levels seen in this place.
 G = Mean time per level.
                   A        B        C        D        E       F      G
               +--------+--------+--------+--------+--------+-----+--------+
         Total |   5510 |   5318 |    192 |   1457 |   2301 |   6 |  918.3 |
       Dungeon |   5312 |   5128 |    184 |   1457 |   2237 |   5 | 1062.4 |
        Temple |    197 |    189 |      8 |      0 |     64 |   1 |  197.0 |
               +--------+--------+--------+--------+--------+-----+--------+

Top non-repeatable levels by time:
     D:4: 1562 daAuts
     D:3: 1103 daAuts
     D:1: 975 daAuts
     D:5: 835 daAuts
     D:2: 835 daAuts
  Temple: 197 daAuts
